 Dungeon Crawl Stone Soup version 0.27-a0-1287-gca74d27db6 (webtiles) character file.

Game seed: 12659994241209684639

282 siradein the Slasher (level 6, 0/50 HPs)
             Began as a Palentonga Fighter on June 15, 2021.
             Slain by an orc (5 damage)
             ... on level 3 of the Dungeon.
             The game lasted 00:07:10 (3645 turns).

siradein the Slasher (Palentonga Fighter)           Turns: 3645, Time: 00:07:11

Health: 0/50       AC:  7    Str: 20    XL:     6   Next: 6%
Magic:  6/6        EV:  5    Int:  8    God:
Gold:   126        SH:  8    Dex: 11    Spells: 5/5 levels left

rFire    . . .     SeeInvis +   a - +0 long sword
rCold    . . .     Faith    .   c - +0 kite shield
rNeg     . . .     Spirit   .   b - +0 scale mail
rPois    +         Reflect  .   (no helmet)
rElec    .         Harm     .   p - scarf {repulsion}
rCorr    .         Rampage  .   m - +0 pair of gloves
Will     .....                  (no barding)
Stlth    ..........             (no amulet)
HPRegen  0.16/turn              g - ring of poison resistance
MPRegen  0.10/turn              (no ring)

@: repel missiles
A: large, rugged brown scales 3, see invisible, deformed body, roll 1, armoured
tail
a: Rolling Charge


You were on level 3 of the Dungeon.
You visited 1 branch of the dungeon, and saw 5 of its levels.

You collected 126 gold pieces.

Inventory:

Hand Weapons
 a - a +0 long sword (weapon)
Missiles
 h - 2 silver javelins
Armour
 b - a +0 scale mail (worn)
 c - a +0 kite shield (worn)
 m - a +0 pair of gloves (worn)
 p - a scarf of repulsion (worn)
Jewellery
 g - a ring of poison resistance (left hand)
Scrolls
 f - 2 scrolls of fog {unknown}
 k - a scroll of teleportation {unknown}
 l - 2 scrolls of identify {unknown}
 n - a scroll of noise {unknown}
 o - a scroll of fear {unknown}
Potions
 d - a potion of might
 e - 3 potions of lignification {unknown}
 i - 2 potions of curing {unknown}
 j - 2 potions of haste {unknown}
 q - a potion of heal wounds {unknown}


   Skills:
 - Level 3.0 Fighting
 + Level 6.4 Long Blades
 - Level 2.4 Armour
 - Level 2.4 Shields


You had 5 spell levels left.
You didn't know any spells.
Your spell library contained the following spells:

 Spells                   Type           Power      Damage    Failure   Level
 Magic Dart               Conj           0%         1d3       99%         1
 Searing Ray              Conj           0%         3d3       100%        2
 Dazzling Flash           Conj/Hex       0%         N/A       100%        3
 Fulminant Prism          Conj/Hex       0%         3d6       100%        4
 Iskenderun's Mystic Bla  Conj/Tloc      0%         2d3       100%        4


Dungeon Overview and Level Annotations

Branches:
Dungeon (5/15)
 Temple: D:4-7

Altars:
Zin

Shops:
D:3 *

Annotations:
D:5 Dowan, Duvessa


Innate Abilities, Weirdness & Mutations

You are completely covered in rugged brown scales. (AC +3, +7% HP)
You have supernaturally acute eyesight. (SInv)
Armour fits poorly on your strangely shaped body.
You can roll at nearby foes to attack.
You have a long armoured tail.


Message History

The orc hits you with a +0 trident.
You barely miss the orc.
Your tail-slap misses the orc.
The orc is almost dead.
You block the orc's attack. The orc barely misses you.
You block the orc priest's attack. The orc hits you but does no damage.
You slash the orc priest!
Your tail-slap misses the orc priest.
The orc priest is heavily wounded.
The orc completely misses you. You block the orc priest's attack.
You block the orc's attack.
You hit the orc priest but do no damage.
You tail-slap the orc priest.
The orc priest is almost dead.
You block the orc's attack. The orc priest hits you with a +0 mace.
The orc hits you with a +0 hand axe.
You barely miss the orc priest.
The orc priest is almost dead.
You block the orc's attack. The orc priest hits you with a +0 mace.
You block the orc's attack. The orc hits you with a +0 trident.
* * * LOW HITPOINT WARNING * * *
The orc priest hits you with a +0 mace.
* * * LOW HITPOINT WARNING * * *
The orc hits you but does no damage.
Your shield and scale mail prevent you from hitting the orc priest.
The orc priest is almost dead.
The orc closely misses you.
You riposte.
You closely miss the orc.
Your tail-slap misses the orc.
The orc priest hits you but does no damage.
You block the orc's attack.
You hit the orc priest.
You kill the orc priest!
The orc barely misses you.
You riposte.
You barely miss the orc. The orc hits you with a +0 hand axe.
* * * LOW HITPOINT WARNING * * *
You have reached level 6!
Your experience leads to an increase in your attributes!
Increase (S)trength, (I)ntelligence, or (D)exterity?
You feel agile. The orc hits you but does no damage. The orc barely misses you.
The orc hits you from afar with a +0 trident.
You die...

#######################
+....................).
##......##############
#.......# #
###.......#### #
+.............+ . #
#######.......# ....
#@...##.# ....# ##o...#
.# ... ######..o..# #
#. +........!## #.
######...## # #)).#
###### #...# ......
#...# ##### #...#


You could see 2 orcs.

Vanquished Creatures
  A phantom (D:4)
  A hound (D:2)
  A bullfrog skeleton (D:4)
  An orc priest (D:3)
  Terence (D:3)
  2 adders
  An ufetubus (D:4)
  A worm (D:2)
  2 dart slugs
  4 ball pythons
  11 endoplasms
  2 giant cockroaches
  7 goblins
  5 hobgoblins
  2 jackals (D:2)
  7 kobolds
  A quokka (D:1)
  4 bats (D:1)
  3 frilled lizards
  9 rats
66 creatures vanquished.

Notes
Turn   | Place    | Note
-------+----------+-------------------------------------------
     0 | D:1      | siradein the Palentonga Fighter began the quest for the
                  | Orb.
     0 | D:1      | Reached XP level 1. HP: 19/19 MP: 1/1
   376 | D:1      | Reached XP level 2. HP: 18/25 MP: 2/2
   481 | D:1      | Reached skill level 3 in Long Blades
   986 | D:1      | Reached XP level 3. HP: 27/31 MP: 3/3
  1682 | D:2      | Reached skill level 4 in Long Blades
  1682 | D:2      | Reached XP level 4. HP: 37/37 MP: 4/4
  2655 | D:3      | Found Zin's Purification Station.
  2661 | D:3      | Found a glowing silver altar of Zin.
  2795 | D:3      | Noticed Terence
  3029 | D:3      | Killed Terence
  3030 | D:3      | Reached skill level 5 in Long Blades
  3124 | D:3      | You fall into a shaft and drop 2 floors!
  3124 | D:5      | Entered Level 5 of the Dungeon
  3164 | D:5      | Noticed Duvessa
  3164 | D:5      | Noticed Dowan
  3169 | D:4      | Reached XP level 5. HP: 43/43 MP: 5/5
  3178 | D:4      | Noticed a phantom
  3200 | D:4      | Killed a phantom
  3201 | D:4      | Reached skill level 6 in Long Blades
  3565 | D:3      | Noticed a black bear
  3642 | D:3      | Reached XP level 6. HP: 4/50 MP: 6/6
  3645 | D:3      | Slain by an orc

Illustrated notes

Levels and vault maps discovered:
D:1:      dpeg_arrival_rhombus, layout_basic, chequers_arboretum
D:2:      layout_basic, serial_aquarium, aquarium_bridge_square
          [aquarium_subvault_window, aquarium_subvault_bridge,
          aquarium_subvault_window, aquarium_subvault_wall], aquarium_window_2,
          aquarium_window_fake, aquarium_window_corner, aquarium_window_corner,
          aquarium_view_2c, aquarium_view_2c, aquarium_balcony_double_3,
          aquarium_pool_five
D:3:      layout_basic, zin_purify, ebering_ecumenical_altar_petrified,
          uniq_terence, uniq_sigmund
D:4:      layout_rooms, kennysheep_vampire_church
D:5:      layout_gridville, chequers_jeans, uniq_crazy_yiuf_cottage,
          uniq_duvessa

Skill      XL: |  1  2  3  4  5 |
---------------+----------------+-----
Long Blades    | 3 4 5 6 |  6.4
Fighting       | |  3.0
Armour         | |  2.4
Shields        | |  2.4

Action                   |  1- 3 |  4- 6 || total
-------------------------+-------+-------++-------
Melee: Long sword        |    79 |    94 ||   173
       Tailslap          |    14 |    12 ||    26
 Abil: Rolling Charge    |    13 |     9 ||    22
Armor: Scale mail        |    39 |    37 ||    76
Dodge: Dodged            |    17 |    24 ||    41
Block: Kite shield       |    39 |    32 ||    71
       Rpst.: Long sword |     6 |     7 ||    13

Table legend: (Time is in decaauts)
 A = Elapsed time spent in this place.
 B = Non-inter-level travel time spent in this place.
 C = Inter-level travel time spent in this place.
 D = Time resting spent in this place.
 E = Time spent auto-exploring this place.
 F = Levels seen in this place.
 G = Mean time per level.
                   A        B        C        D        E       F      G
               +--------+--------+--------+--------+--------+-----+--------+
         Total |   3716 |   3578 |    138 |    338 |   2740 |   5 |  743.2 |
       Dungeon |   3716 |   3578 |    138 |    338 |   2740 |   5 |  743.2 |
               +--------+--------+--------+--------+--------+-----+--------+

Top non-repeatable levels by time:
     D:1: 1450 daAuts
     D:2: 1385 daAuts
     D:4: 424 daAuts
     D:3: 413 daAuts
     D:5: 42 daAuts
